 Dungeon Crawl Stone Soup version 0.19.4-8-ga85b6b9 (webtiles) character file.

6612 Lennu the Basher (level 11, -5/66 HPs)
             Began as a Gargoyle Gladiator on Feb 11, 2017.
             Was a Believer of Makhleb.
             Slain by a hell knight
             ... wielding a +4 demon trident
              (6 damage)
             ... on level 1 of the Abyss.
             The game lasted 00:33:35 (8882 turns).

Lennu the Basher (Gargoyle Gladiator)               Turns: 8882, Time: 00:33:36

Health: -5/66      AC: 19    Str: 16    XL:     11   Next: 2%
Magic:  23/23      EV:  9    Int:  9    God:    Makhleb [**....]
Gold:   137        SH: 11    Dex: 12    Spells: 0 memorised, 10 levels left

rFire  + . .     SeeInvis .     B - +2 flail (protect)
rCold  + . .     Gourm    .     D - +0 chain mail {rF+}
rNeg   + . .     Faith    .     m - +0 buckler
rPois  ∞         Spirit   .     c - +0 helmet
rElec  +         Reflect  +     z - +0 cloak
rCorr  .         Harm     .     (no gloves)
MR     .....                    p - +0 pair of boots
Stlth  ..........               g - +6 amulet of reflection
                                i - ring of magical power
                                x - ring of protection from cold

@: flying
A: big wings, yellow scales 1, blurry vision 2, deformed body, negative energy
resistance 1, screaming 1, electricity resistance, slow regeneration 2, weak 2,
unbreathing, petrification resistance, rot immunity, AC +7
a: Stop Flying, Minor Destruction, Renounce Religion


You were on level 1 of the Abyss.
You worshipped Makhleb.
Makhleb was pleased with you.
You were not hungry.

You visited 2 branches of the dungeon, and saw 10 of its levels.
You visited the Abyss 1 time.
You also visited: Ossuary.

You collected 437 gold pieces.
You spent 300 gold pieces at shops.

Inventory:

Hand Weapons
 B - a +2 flail of protection (weapon)
Missiles
 j - 4 javelins (quivered)
 F - 6 tomahawks
Armour
 c - a +0 helmet (worn)
 m - a +0 buckler (worn)
 p - a +0 pair of boots (worn)
 z - a +0 cloak (worn)
 D - a +0 chain mail of fire resistance (worn)
Jewellery
 g - a +6 amulet of reflection (around neck)
 i - a ring of magical power (right hand)
 r - an uncursed amulet of guardian spirit
 x - a ring of protection from cold (left hand)
 G - a +2 ring of dexterity {unknown}
Wands
 d - a wand of polymorph (7/24)
 t - a wand of lightning (5/15)
 v - a wand of slowing (9/48)
 C - a wand of random effects (28/48)
Scrolls
 e - 6 scrolls of remove curse
 h - 3 scrolls of recharging
 k - 6 scrolls of identify
 q - a scroll of enchant armour {unknown}
 w - 2 scrolls of teleportation
 y - a scroll of blinking {unknown}
 A - a scroll of vulnerability {unknown}
 E - a scroll of enchant weapon {unknown}
Potions
 a - a potion of magic
 l - 4 potions of curing
 n - a potion of agility
 o - 3 potions of resistance
 s - 2 potions of might
 u - 2 potions of flight
 I - a potion of heal wounds {unknown}
Comestibles
 b - a meat ration
 f - 4 bread rations


   Skills:
 * Level 6.9 Fighting
 * Level 11.1 Maces & Flails
 + Level 2.9 Throwing
 * Level 5.3 Armour
 * Level 6.3 Dodging
 + Level 0.8 Stealth
 + Level 4.0 Shields
 * Level 4.5 Invocations


You had 10 spell levels left.
You didn't know any spells.

Dungeon Overview and Level Annotations

Branches:
Dungeon (9/15)             Temple (1/1) D:4
   Lair: D:8-11         Orc: D:9-12

Altars:
Ashenzari
Cheibriados
Dithmenos
Elyvilon
Fedhas
Gozag
Hepliaklqana
Kikubaaqudgha
Makhleb
Nemelex Xobeh
Okawaru
Qazlal
Ru
Sif Muna
Trog
Uskayaw
Vehumet
Xom
Yredelemnul
Zin
The Shining One
Jiyva

Shops:
D:4 (   D:5 [%}(=

Annotations:
D:9 Erolcha


Innate Abilities, Weirdness & Mutations

You are resistant to torment.
Your stone body is resilient. (AC +7)
You are immune to poison.
You resist negative energy. (rN+)
You are resistant to electric shocks. (rElec)
You can survive without breathing.
You are immune to petrification.
You are immune to rotting.
Your large and strong wings let you fly indefinitely.
You are partially covered in yellow scales. (AC +2)
You occasionally shout uncontrollably at your foes.
[Scrolls take you longer to read.]
[Armour fits poorly on your strangely shaped body.]
[You do not regenerate when monsters are visible.]
[You are very weak. (Str -4)]


Message History

The hell knight points at you and mumbles some strange words.
The puff of flame hits you! You resist.
* * * LOW HITPOINT WARNING * * *
Something hits you but does no damage.
Unknown command.
A hellion comes into view.
Something hits you but does no damage.
The hell knight mumbles some strange words.
The hell knight seems to speed up.
You shout at the white very ugly thing! 2 ugly things and 2 very ugly things come into view.
The white very ugly thing gurgles horribly! x2
The white ugly thing gurgles horribly!
The white very ugly thing gurgles horribly!
You hear a shout!
Something completely misses you.
The flying skull hits you but does no damage.
Something hits you but does no damage.
The hell knight hits you from afar with an enchanted demon trident.
You die...

..... ..... ....
....
..###...###...##
...#.....#.....#.
..u..............
.....§...........
.................
...u..u2@.......
###..u{..##....
##.u.z.p##....
#.............
#.............
##..##..##....
#..*#.......##
#.##...#..#..#
#....##.3.#.##


You could see 3 very ugly things, a wretched star, 2 ugly things, a hell knight,
a hellion and a flying skull.

Vanquished Creatures
  The ghost of cba the Covert, a novice OpAs of Dithmenos (D:7)
  Pikel (D:8)
  An ancient zyme (Abyss:1)
  Prince Ribbit (D:7)
  A hippogriff (D:8)
  A two-headed ogre (D:8)
  Sigmund (D:2)
  2 wraiths (Ossuary)
  6 yaks (D:8)
  Grum (D:8)
  The ghost of Naksu the Magician, an amateur DrWz (D:3)
  Menkaure (D:4)
  An ice beast (D:5)
  3 orc warriors (D:8)
  A phantom (D:5)
  A sky beast (D:6)
  An ogre (D:7)
  An eye of draining (D:8)
  2 centaurs (D:8)
  4 wolves (D:8)
  4 bullfrogs
  A wyvern zombie (D:8)
  An elf skeleton (D:4)
  A scorpion (D:8)
  5 killer bees (D:7)
  4 wights (Ossuary)
  2 vampire bats (D:4)
  A howler monkey (D:6)
  A bullfrog zombie (D:7)
  A crimson imp (D:6)
  2 orc priests
  2 bullfrog skeletons (D:4)
  4 hounds
  Crazy Yiuf (D:7)
  4 jellies (D:8)
  2 iguanas
  3 human skeletons (D:4)
  An orc wizard (D:8)
  5 worker ants
  A killer bee zombie (D:7)
  A hound skeleton (D:7)
  9 adders
  5 gnolls
  4 oozes
  An adder skeleton (D:7)
  2 adder zombies
  2 worms
  A dart slug (D:1)
  2 leopard geckos
  27 orcs
  13 bats
  5 giant cockroaches
  5 goblins
  7 hobgoblins
  3 jackals (D:8)
  A quokka (D:8)
  2 ball pythons
  6 frilled lizards
  2 hobgoblin skeletons (Ossuary)
  A hobgoblin zombie (Ossuary)
  A jackal skeleton (D:5)
  A jackal zombie (D:8)
  4 kobolds
  2 kobold zombies (Ossuary)
  A leopard gecko skeleton (D:4)
  3 orc skeletons
  An orc zombie (Ossuary)
  3 quokka skeletons
  11 rats
204 creatures vanquished.

Vanquished Creatures (others)
  An adder (D:8)
  An orc (D:8)
  12 starspawn tentacles (Abyss:1)
14 creatures vanquished.

Grand Total: 218 creatures vanquished

Notes
Turn   | Place    | Note
-------+----------+-------------------------------------------
     0 | D:1      | Lennu the Gargoyle Gladiator began the quest for the Orb.
     0 | D:1      | Reached XP level 1. HP: 12/12 MP: 1/1
   127 | D:1      | Reached XP level 2. HP: 12/18 MP: 2/2
   299 | D:1      | Reached XP level 3. HP: 22/22 MP: 3/3
   564 | D:2      | Noticed Sigmund
   578 | D:2      | Killed Sigmund
   578 | D:2      | Reached skill level 4 in Maces & Flails
   578 | D:2      | Reached XP level 4. HP: 20/28 MP: 2/4
   578 | D:2      | Reached XP level 5. HP: 23/32 MP: 2/5
   672 | D:2      | Gained mutation: Your body sometimes deteriorates upon taking damage. [potion of mutation]
   672 | D:2      | Gained mutation: Your large and strong wings let you fly indefinitely. [potion of mutation]
   672 | D:2      | Gained mutation: Your spells are a little harder to cast, but a little more powerful. [potion of mutation]
  1126 | D:2      | Reached skill level 5 in Maces & Flails
  1350 | D:2      | Reached XP level 6. HP: 35/37 MP: 4/6
  1374 | D:2      | Noticed a moth of wrath
  1376 | D:2      | Found a bloodstained altar of Trog.
  1708 | D:3      | Found a stormy altar of Qazlal.
  2002 | D:3      | Noticed Naksu's ghost (amateur DrWz)
  2015 | D:3      | Killed Naksu's ghost
  2015 | D:3      | Reached skill level 1 in Armour
  2363 | D:3      | Reached XP level 7. HP: 40/41 MP: 7/7
  2593 | D:4      | Reached skill level 6 in Maces & Flails
  2614 | D:4      | Found a staircase to the Ecumenical Temple.
  2811 | D:4      | Found a sand-covered staircase.
  2838 | Ossuary  | Entered an ossuary
  3020 | Ossuary  | Reached skill level 1 in Shields
  3084 | Ossuary  | Noticed a flying skull
  3084 | Ossuary  | Noticed a wraith
  3093 | Ossuary  | Noticed a flying skull
  3095 | Ossuary  | Noticed a flying skull
  3112 | Ossuary  | Gained mutation: You occasionally shout uncontrollably at your foes. [potion of mutation]
  3112 | Ossuary  | Gained mutation: You are agile. (Dex +2) [potion of mutation]
  3112 | Ossuary  | Gained mutation: You are occasionally teleported next to monsters. [potion of mutation]
  3123 | Ossuary  | Noticed a wraith
  3144 | Ossuary  | Killed a wraith
  3144 | Ossuary  | Reached skill level 7 in Maces & Flails
  3144 | Ossuary  | Reached XP level 8. HP: 11/48 MP: 3/8
  3390 | Ossuary  | Noticed a wraith
  3423 | Ossuary  | Killed a wraith
  3592 | D:4      | Found Daufun's Antique Weapon Emporium.
  3597 | D:4      | Noticed Menkaure
  3612 | D:4      | Killed Menkaure
  3612 | D:4      | Reached skill level 8 in Maces & Flails
  4005 | Temple   | Entered the Ecumenical Temple
  4208 | Temple   | Became a worshipper of Makhleb the Destroyer
  4346 | D:4      | Found a faded altar of an unknown god.
  4346 | D:4      | Found a faded altar of an unknown god.
  4351 | D:4      | Found a white marble altar of Elyvilon.
  4353 | D:4      | Found a faded altar of an unknown god.
  4354 | D:4      | Found a faded altar of an unknown god.
  4528 | D:5      | Entered Level 5 of the Dungeon
  4531 | D:5      | Found Gurenkei's Antique Armour Emporium.
  4616 | D:5      | Found Ehogg's Gadget Emporium.
  4624 | D:5      | Reached XP level 9. HP: 53/53 MP: 9/9
  4782 | D:5      | Found Juaps's Weapon Shop.
  4809 | D:5      | Found Qoikhuith's Jewellery Shoppe.
  4964 | D:5      | Found a glowing golden altar of the Shining One.
  4965 | D:5      | Found Nodaor's Food Boutique.
  5135 | D:5      | Reached skill level 5 in Fighting
  5185 | D:6      | Reached skill level 1 in Invocations
  5201 | D:6      | Found a shadowy altar of Dithmenos.
  5240 | D:6      | Reached skill level 9 in Maces & Flails
  5322 | D:6      | Reached skill level 5 in Dodging
  5345 | D:6      | Found a sparkling altar of Nemelex Xobeh.
  5740 | D:7      | Gained mutation: Your muscles are strong. (Str +2) [potion of beneficial mutation]
  5761 | D:7      | Noticed cba's ghost (novice OpAs)
  5779 | D:7      | Killed cba's ghost
  5779 | D:7      | Reached * piety under Makhleb
  5782 | D:7      | Lost mutation: Your body sometimes deteriorates upon taking damage. [potion of cure mutation]
  5782 | D:7      | Lost mutation: Your spells are a little harder to cast, but a little more powerful. [potion of cure mutation]
  5782 | D:7      | Lost mutation: Your muscles are strong. (Str +2) [potion of cure mutation]
  5782 | D:7      | Lost mutation: You are agile. (Dex +2) [potion of cure mutation]
  5782 | D:7      | Lost mutation: You are occasionally teleported next to monsters. [potion of cure mutation]
  5784 | D:7      | Gained mutation: You are partially covered in yellow scales. (AC +2) [potion of beneficial mutation]
  5919 | D:7      | Noticed Prince Ribbit
  5949 | D:7      | Killed Prince Ribbit
  6383 | D:7      | Reached skill level 10 in Maces & Flails
  6394 | D:7      | Found a runed door.
  6398 | D:7      | Noticed Crazy Yiuf
  6405 | D:7      | Killed Crazy Yiuf
  6405 | D:7      | Reached XP level 10. HP: 60/60 MP: 11/11
  6863 | D:5      | Bought a +6 amulet of reflection for 300 gold pieces
  7000 | D:8      | Found an iron altar of Okawaru.
  7143 | D:8      | Noticed Grum
  7166 | D:8      | Killed Grum
  7243 | D:8      | Reached ** piety under Makhleb
  7346 | D:8      | Found a viscous altar of Jiyva.
  7596 | D:8      | Noticed Pikel
  7603 | D:8      | Killed Pikel
  7959 | D:9      | Noticed Erolcha
  7982 | D:8      | Reached skill level 5 in Armour
  8094 | D:8      | Reached skill level 11 in Maces & Flails
  8518 | D:9      | Cast into level 1 of the Abyss (Erolcha)
  8611 | Abyss:1  | Reached XP level 11. HP: 51/66 MP: 14/14
  8616 | Abyss:1  | Noticed a thrashing horror
  8778 | Abyss:1  | Noticed a tentacled starspawn
  8800 | Abyss:1  | Noticed a soul eater
  8856 | Abyss:1  | Noticed a wretched star
  8877 | Abyss:1  | Noticed a hell knight
  8878 | Abyss:1  | HP: 1/66 [hell knight/puff of flame (8)]
  8880 | Abyss:1  | Noticed a white very ugly thing
  8880 | Abyss:1  | Noticed a white very ugly thing
  8880 | Abyss:1  | Noticed a white ugly thing
  8880 | Abyss:1  | Noticed a white ugly thing
  8880 | Abyss:1  | Noticed a white very ugly thing
  8882 | Abyss:1  | Slain by a hell knight

Skill      XL: |  1  2  3  4  5  6  7  8  9 10 |
---------------+-------------------------------+-----
Fighting       | 3 4 5 6 |  6.9
Maces & Flails | 4 5 7 8 10 11 | 11.1
Throwing       | 2 |  2.9
Dodging        | 3 4 5 6 |  6.3
Armour         | 1 2 3 4 5 |  5.3
Shields        | 1 2 4 |  4.0
Invocations    | 2 4 |  4.5
Stealth        | |  0.8

Action                   |  1- 3 |  4- 6 |  7- 9 | 10-12 || total
-------------------------+-------+-------+-------+-------++-------
Melee: Flail             |    77 |   168 |   240 |   279 ||   764
       Morningstar       |       |       |   265 |       ||   265
Throw: Throwing net      |     1 |     2 |     9 |     1 ||    13
       Javelin           |       |       |     1 |    18 ||    19
 Abil: Fly               |       |     1 |       |       ||     1
  Use: Potion            |       |     5 |     7 |       ||    12
       Scroll            |       |     4 |     7 |     1 ||    12
 Stab: Held in net/web   |       |       |     2 |       ||     2
  Eat: Chunk             |       |     5 |     6 |     1 ||    12
       Bread ration      |       |       |     1 |       ||     1
       Beef jerky        |       |       |     1 |       ||     1
       Meat ration       |       |       |     1 |     1 ||     2
Armor: Ring mail         |    41 |    88 |   283 |       ||   412
       Chain mail        |       |       |       |   196 ||   196
Dodge: Dodged            |    39 |   104 |   342 |   134 ||   619
Block: Buckler           |       |    26 |    96 |   202 ||   324
       Reflection        |       |       |       |     3 ||     3
